 Dungeon Crawl Stone Soup version 0.21-a0-55-gb612c23 (webtiles) character file.

18 KristoblXynda the Charlatan (level 2, -2/12 HPs)
             Began as a Felid Artificer on June 15, 2017.
             Slain by a hobgoblin (5 damage)
             ... on level 1 of the Dungeon.
             The game lasted 00:00:54 (470 turns).

KristoblXynda the Charlatan (Felid Artificer)        Turns: 470, Time: 00:00:55

Health: -2/12      AC:  1    Str:  8    XL:     2   Next: 48%
Magic:  5/5        EV: 18    Int: 12    God:
Gold:   83         SH:  0    Dex: 16    Spells: 1/1 levels left
                                        Lives:  0   Deaths: 0

rFire    . . .     SeeInvis +     - Unarmed
rCold    . . .     Gourm    .   (shield unavailable)
rNeg     . . .     Faith    .   (armour unavailable)
rPois    .         Spirit   .   (helmet unavailable)
rElec    .         Reflect  .   (cloak unavailable)
rCorr    .         Harm     .   (gloves unavailable)
MR       .....                  (boots unavailable)
Stlth    ++........             (no amulet)
HPRegen  0.04/turn              (no ring)
MPRegen  0.09/turn              (no ring)

@: quick
A: no armour, no weapons or thrown items, stealth, claws 1, fangs 3, see
invisible, carnivore 3, speed 1, shaggy fur 1, slow metabolism 1, sharp paws
a: no special abilities


You were on level 1 of the Dungeon.
You were full.

You visited 1 branch of the dungeon, and saw 1 of its levels.

You collected 83 gold pieces.

Inventory:

Wands
 a - a wand of flame (14/48)
 b - a wand of enslavement (15/24)
 c - a wand of random effects (13/48)
Scrolls
 f - a scroll of magic mapping {unknown}
 h - a scroll of blinking {unknown}
Potions
 e - a potion of degeneration {unknown}
 g - a potion of mutation {unknown}
Comestibles
 d - a meat ration


   Skills:
 - Level 1.0 Fighting
 + Level 3.1 Dodging
 + Level 1.7 Stealth
 + Level 1.5 Unarmed Combat
 + Level 3.6 Evocations


You had one spell level left.
You didn't know any spells.

Dungeon Overview and Level Annotations

Branches:
Dungeon (1/15)

Altars:


Innate Abilities, Weirdness & Mutations

You cannot wear armour.
You are incapable of wielding weapons or throwing items.
Your paws allow you to move quietly. (Stealth)
You have sharp claws.
You have razor-sharp teeth.
You have supernaturally acute eyesight. (SInv)
You are carnivorous and can eat meat at any time.
You cover ground quickly.
You are covered in fur. (AC +1)
You have a slow metabolism.
Your sharp claws are effective at attacking unaware monsters.


Message History

You scratch the kobold but do no damage.
The kobold hits you.
You scratch the kobold.
You kill the kobold!
You barely miss the hobgoblin. The hobgoblin barely misses you.
You barely miss the hobgoblin.
You bite the hobgoblin, but do no damage.
You barely miss the hobgoblin. The hobgoblin closely misses you.
You closely miss the hobgoblin. The hobgoblin barely misses you.
You scratch the hobgoblin but do no damage.
The hobgoblin completely misses you.
You barely miss the hobgoblin. The hobgoblin hits you.
You scratch the hobgoblin.
The hobgoblin is heavily wounded.
The hobgoblin hits you.
* * * LOW HITPOINT WARNING * * *
You scratch the hobgoblin.
The hobgoblin is severely wounded.
The hobgoblin hits you.
You die...

#.# #.....# #####.#
#.....# ..# ...##.#
###)### ##..#
......#####.# ....
...#........## ...
#.##.##.รท....# ###.###
#.##.##.####.# #.....
#........###.#####.#.#
#........#......@g...#
#.##.##.......####.##...>#
#.##.##.......# #.# #..#
..##..........# #.# .#
...####.#.....# ...
#..####.#)....# ###
#.......#.....#
#..#######...## #..# ...#


You could see a hobgoblin.

Vanquished Creatures
  An ooze (D:1)
  A leopard gecko (D:1)
  A bat (D:1)
  A giant cockroach (D:1)
  A goblin (D:1)
  2 hobgoblins (D:1)
  3 kobolds (D:1)
  A rat (D:1)
11 creatures vanquished.

Notes
Turn   | Place    | Note
-------+----------+-------------------------------------------
     0 | D:1      | KristoblXynda the Felid Artificer began the quest for the Orb.
     0 | D:1      | Reached XP level 1. HP: 9/9 MP: 4/4
   399 | D:1      | Reached XP level 2. HP: 12/12 MP: 5/5
   470 | D:1      | Slain by a hobgoblin

Vault maps used:
D:1:      minmay_arrival_widening_spiral_wide

Skill      XL: |  1 |
---------------+----+-----
Dodging        | 3 |  3.1
Fighting       | |  1.0
Stealth        | |  1.7
Unarmed Combat | |  1.5
Evocations     | |  3.6

Action                   || total
-------------------------++-------
Melee: Unarmed           ||    43
       Bite              ||     4
Evoke: Wand              ||     3
 Stab: Sleeping          ||     3
  Eat: Chunk             ||     3
Armor: Skin              ||     1
Dodge: Dodged            ||    25
